 Dungeon Crawl Stone Soup version 0.23-a0-32-g1388f29 (webtiles) character file.

62655 Loudmushroom the Severer (level 14, -5/193 HPs)
             Began as a Minotaur Berserker on Aug 2, 2018.
             Was a High Priest of Trog.
             Slain by a seven-headed hydra (6 damage)
             ... on level 1 of the Swamp on Aug 4, 2018.
             The game lasted 03:50:33 (28491 turns).

Loudmushroom the Severer (Minotaur Berserker)      Turns: 28491, Time: 03:50:34

Health: -5/193     AC: 14    Str: 28    XL:     14   Next: 65%
Magic:  0/19       EV: 21    Int:  4    God:    Trog [*****.]
Gold:   1749       SH:  0    Dex: 14    Spells: 13/13 levels left

rFire    . . .     SeeInvis .   y - +5 war axe (flame)
rCold    . . .     Gourm    +   (no shield)
rNeg     . . .     Faith    .   s - +0 ring mail {rPois}
rPois    +         Spirit   +   (helmet restricted)
rElec    .         Reflect  .   x - scarf {Spirit}
rCorr    .         Harm     .   O - +1 pair of gloves
MR       +....                  i - +2 pair of boots
Stlth    ..........             P - amulet of the gourmand
HPRegen  0.42/turn              X - +2 ring of evasion
MPRegen  0.16/turn              R - ring of stealth

@: berserking, slowed, very slow
A: retaliatory headbutt, horns 2
a: Berserk, Trog's Hand, Brothers in Arms, Renounce Religion


You were on level 1 of the Swamp.
You worshipped Trog.
Trog was extremely pleased with you.
You were very full.

You visited 4 branches of the dungeon, and saw 20 of its levels.
You also visited: Sewer and Ossuary.

You collected 2059 gold pieces.
You spent 310 gold pieces at shops.

Inventory:

Hand Weapons
 a - a +0 battleaxe of freezing
 b - a +0 shortbow
 y - a +5 war axe of flaming (weapon)
 E - a +0 blowgun
Missiles
 r - 175 arrows
 v - 32 poisoned needles
 w - 33 tomahawks
 L - 5 needles of confusion
 Q - 3 poisoned javelins (quivered)
 T - 5 curare-tipped needles
Armour
 e - a +4 plate armour of ponderousness
 i - a +2 pair of boots (worn)
 m - a +2 cloak
 s - a +0 ring mail of poison resistance (worn)
 x - a scarf of spirit shield (worn)
 G - a +3 ring mail
 O - a +1 pair of gloves (worn)
Jewellery
 D - an uncursed ring of flight
 P - an amulet of the gourmand (around neck)
 R - a ring of stealth (right hand)
 X - a +2 ring of evasion (left hand)
Wands
 h - a wand of acid (15)
 t - a wand of clouds (7)
 u - a wand of disintegration (31)
 A - a wand of flame (44)
 J - a wand of polymorph (15)
 K - a wand of paralysis (11)
 U - a wand of digging (13)
Scrolls
 d - a scroll of fog
 f - 2 scrolls of immolation
 o - 4 scrolls of remove curse
 p - 8 scrolls of teleportation
 F - a scroll of magic mapping
 I - 4 scrolls of fear
 V - 2 scrolls of blinking
 W - a scroll of summoning
Potions
 g - 4 potions of agility
 j - 2 potions of heal wounds
 k - 3 potions of lignification
 l - 6 potions of curing
 n - a potion of cancellation
 q - 3 potions of invisibility
 z - a potion of resistance
 B - a potion of ambrosia {unknown}
 C - 9 potions of haste
 H - 4 potions of might
 M - a potion of mutation
 S - 2 potions of flight {unknown}
Miscellaneous
 Y - a phial of floods
Comestibles
 c - 28 rations


   Skills:
 + Level 13.4 Fighting
 * Level 17.7 Axes
 + Level 13.0 Armour
 + Level 12.1 Dodging
 + Level 8.5 Evocations


You had 13 spell levels left.
You didn't know any spells.
Your spell library contained the following spells:

 Spells                   Type           Power        Failure   Level  Hunger
 Magic Dart               Conj           #...         58%         1    ##.....
 Fireball                 Conj/Fire      #.........   100%        5    ######.
 Bolt of Fire             Conj/Fire      #.........   100%        6    #######
 Bolt of Magma            Conj/Fire/Erth #.........   100%        5    ######.
 Confuse                  Hex            #.......     92%         3    ####...
 Ring of Flames           Chrm/Fire      #.........   100%        7    #######
 Venom Bolt               Conj/Pois      #.........   100%        5    ######.
 Iskenderun's Mystic Bla  Conj           #.......     100%        4    #####..
 Tukima's Dance           Hex            #.......     92%         3    ####...
 Iron Shot                Conj/Erth      #.........   100%        6    #######
 Spider Form              Tmut/Pois      #.........   92%         3    ####...
 Blade Hands              Tmut           #.........   100%        5    ######.
 Ice Form                 Ice/Tmut       #.......     100%        4    #####..
 Deflect Missiles         Chrm/Air       #.........   100%        6    #######
 Ignite Poison            Fire/Tmut/Pois #.......     92%         3    ####...
 Sticks to Snakes         Tmut           #.......     75%         2    ###....
 Ensorcelled Hibernation  Hex/Ice        #.....       75%         2    ###....
 Silence                  Hex/Air        #.........   100%        5    ######.
 Corona                   Hex            #......      58%         1    ##.....
 Conjure Ball Lightning   Conj/Air       #.........   100%        6    #######
 Orb of Destruction       Conj           #.........   100%        7    #######
 Tornado                  Air            #.........   100%        9    #######
 Beastly Appendage        Tmut           #.....       58%         1    ##.....
 Iskenderun's Battlesphe  Conj/Chrm      #.......     100%        5    ######.
 Fulminant Prism          Conj/Hex       #.........   100%        4    #####..
 Dazzling Spray           Conj/Hex       #.....       92%         3    ####...
 Force Lance              Conj/Tloc      #.......     100%        4    #####..
 Searing Ray              Conj           #.....       75%         2    ###....
 Summon Lightning Spire   Summ/Air       #.......     100%        4    #####..
 Spellforged Servitor     Conj/Summ      #.........   100%        7    #######
 Ignition                 Fire           #.........   100%        8    #######


Dungeon Overview and Level Annotations

Branches:
Dungeon (11/15)            Temple (0/1) D:5            Lair (6/6) D:10
  Swamp (1/4) Lair:2       Spider (0/4) Lair:2        Slime (0/5) Lair:6
    Orc (2/2) D:11            Elf (0/3) Orc:2

Altars:
Kikubaaqudgha
Yredelemnul
Jiyva

Shops:
D:7 [   D:9 [   Orc:2 %[**

Annotations:
D:10 3 runed doors


Innate Abilities, Weirdness & Mutations

You reflexively headbutt those who attack you in melee.
You have a pair of horns on your head.


Message History

You feel yourself moving faster!
You feel mighty!
You feel a lot less full.
The eight-headed hydra barely misses you. x2
The eight-headed hydra bites you!
* * * LOW HITPOINT WARNING * * *
The eight-headed hydra bites you.
* * * LOW HITPOINT WARNING * * *
The eight-headed hydra barely misses you.
The eight-headed hydra bites you!
* * * LOW HITPOINT WARNING * * *
The eight-headed hydra bites you but does no damage. x2
You hack one of the eight-headed hydra's heads off!
The flame cauterises the wound!
You slice the seven-headed hydra!! You burn the seven-headed hydra!
The seven-headed hydra is heavily wounded.
The seven-headed hydra barely misses you.
The seven-headed hydra bites you.
* * * LOW HITPOINT WARNING * * *
The seven-headed hydra barely misses you.
The seven-headed hydra bites you.
You die...

♣≈..≈♣♣ ≈..≈≈≈≈..≈≈≈≈....≈≈♣♣
♣ ♣♣♣≈?≈♣ ..≈≈≈...♣♣≈≈≈.≈≈♣♣♣♣
. ♣♣♣..≈.♣ ♣.....≈.♣♣♣♣...≈♣ .
♣.≈..≈.♣♣♣♣♣.§..≈..♣ ♣♣.≈..♣
.♣.♣.....≈..≈≈≈≈≈....♣♣♣...≈♣♣
♣.♣♣♣.♣...≈≈..≈≈≈..♣..♣§≈§♣♣♣
♣♣.♣.♣.♣.≈≈≈....≈≈.♣...♣♣♣♣
♣.♣.♣.♣♣....>...≈≈..≈..♣
≈..♣♣♣.♣.≈.♣♣...@.≈♣...♣
♣♣♣.♣≈♣.♣.♣♣..♣≈D♣♣♣≈≈≈♣♣
≈♣.♣.♣.♣♣♣♣≈≈≈≈♣≈≈≈≈≈...♣♣
♣.♣..♣♣.♣.♣≈≈≈≈♣...≈....≈♣♣
.♣♣♣.♣...♣..≈≈≈≈♣.....≈≈..♣♣ ♣
♣.≈≈♣.♣♣♣.......<...≈≈...♣
.♣.♣.♣♣..♣.♣.≈♣♣..≈≈≈..≈..♣♣
♣.♣♣♣.♣..≈♣.^♣≈....≈≈..."♣♣
.♣≈♣.♣≈♣.♣♣...≈≈≈.......≈♣♣♣♣


You could see a seven-headed hydra.

Vanquished Creatures
  The ghost of Depyiwoq the Grappler, a journeyman TrEE (Lair:2)
  4 dire elephants (Lair:6)
  Snorg (Orc:1)
  10 hydras
  An anaconda (Lair:6)
  4 alligators (Swamp:1)
  4 two-headed ogres
  An ogre mage (Orc:1)
  3 orc high priests (Orc:2)
  A spriggan (Lair:2)
  Sonja (Lair:2)
  Nergalle (D:10)
  An unseen horror (D:11)
  4 orc knights (Orc:2)
  A swamp dragon (Swamp:1)
  6 orc sorcerers (Orc:2)
  2 ugly things
  4 elephants (Lair:6)
  Maurice (Orc:1)
  A black mamba (Lair:6)
  7 spiny frogs
  2 centaur skeletons (D:11)
  A rime drake (Lair:3)
  14 komodo dragons
  2 trolls
  A jumping spider (Lair:2)
  2 hornets
  2 polar bears
  A tyrant leech (Swamp:1)
  3 bog bodies (Swamp:1)
  Grinder (D:4)
  17 blink frogs
  3 hippogriffs
  A shadow (Lair:2)
  Sigmund (D:2)
  3 wyverns
  2 redbacks (Lair:2)
  36 yaks
  3 basilisks
  2 vampire mosquitoes
  Menkaure (D:7)
  A swamp worm (Swamp:1)
  2 wargs (Orc:2)
  An acid dragon (D:9)
  11 water moccasins
  3 swamp drakes
  12 porcupines
  A black bear (D:11)
  2 ice beasts
  13 ogres
  20 orc warriors
  8 wolves
  2 phantoms
  2 centaurs
  15 crocodiles
  A big kobold (D:8)
  18 bullfrogs
  A wyvern zombie (D:9)
  3 scorpions
  8 killer bees
  6 wights (D:8)
  5 howler monkeys
  5 crimson imps
  2 human zombies (Ossuary)
  24 orc priests
  3 jellies
  Crazy Yiuf (D:3)
  A bullfrog skeleton (D:10)
  4 hounds
  3 iguanas
  Natasha (thrice) (D:2)
  22 orc wizards
  11 worker ants
  2 mummies (Ossuary)
  2 howler monkey zombies
  11 adders
  4 gnolls (D:3)
  A shadow imp (D:8)
  4 oozes
  An adder zombie (Ossuary)
  5 worms
  14 dart slugs
  2 leopard geckos
  94 orcs
  6 ball pythons
  11 bats
  3 giant cockroaches (D:2)
  8 goblins
  2 hobgoblins (D:1)
  10 jackals
  3 quokkas
  6 frilled lizards
  5 goblin zombies (Ossuary)
  10 hobgoblin zombies (Ossuary)
  A jackal skeleton (D:5)
  17 kobolds
  13 kobold zombies (Ossuary)
  A leopard gecko skeleton (D:4)
  5 orc zombies (Ossuary)
  2 quokka zombies
  7 rats
  A bush (Lair:5)
  2 fungi (Lair:4)
  19 plants
643 creatures vanquished.

Vanquished Creatures (collateral kills)
  2 dire elephants (Lair:6)
2 creatures vanquished.

Vanquished Creatures (others)
  A human (D:3)
  A goblin (D:3)
  A bush (Lair:5)
  17 fungi
  14 plants
34 creatures vanquished.

Grand Total: 679 creatures vanquished

Notes
Turn   | Place    | Note
-------+----------+-------------------------------------------
     0 | D:1      | Loudmushroom the Minotaur Berserker began the quest for the Orb.
     0 | D:1      | Reached XP level 1. HP: 19/19 MP: 0/0
   206 | D:1      | Upgraded the game from 0.23-a0-14-g8c9a20f to 0.23-a0-29-g1be82e5
   225 | D:1      | Reached XP level 2. HP: 23/27 MP: 1/1
   308 | D:1      | Reached skill level 4 in Axes
   760 | D:2      | Noticed Natasha
   764 | D:2      | Noticed a crimson imp
   766 | D:2      | Killed Natasha
   766 | D:2      | Reached XP level 3. HP: 33/33 MP: 2/2
   871 | D:2      | Noticed Sigmund
   879 | D:2      | Killed Sigmund
   879 | D:2      | Reached skill level 5 in Axes
   879 | D:2      | Reached XP level 4. HP: 28/41 MP: 3/3
   879 | D:2      | Reached XP level 5. HP: 32/47 MP: 4/4
  1550 | D:2      | Reached ** piety under Trog
  1862 | D:2      | Noticed Natasha
  1870 | D:2      | Killed Natasha
  1870 | D:2      | Reached XP level 6. HP: 40/55 MP: 5/5
  2128 | D:3      | Found an ancient bone altar of Kikubaaqudgha.
  2131 | D:3      | Noticed a human
  2132 | D:3      | Killed a human
  2233 | D:3      | Reached skill level 5 in Fighting
  2235 | D:3      | Reached skill level 6 in Axes
  2698 | D:2      | HP: 2/56 [poisoned by an adder]
  2706 | D:2      | HP: 2/56 [poisoned by an adder]
  2772 | D:2      | Noticed Natasha
  2781 | D:2      | HP: 1/56 [Natasha (5)]
  2782 | D:2      | Killed Natasha
  3417 | D:3      | Found a runed door.
  3421 | D:3      | Noticed Crazy Yiuf
  3425 | D:3      | Killed Crazy Yiuf
  3844 | D:3      | Reached *** piety under Trog
  4123 | D:4      | Reached XP level 7. HP: 56/61 MP: 6/6
  4452 | D:4      | Reached skill level 7 in Axes
  4540 | D:4      | Found a glowing drain.
  4545 | Sewer    | Entered a sewer
  4565 | Sewer    | Reached skill level 5 in Armour
  4822 | Sewer    | Reached **** piety under Trog
  5514 | D:4      | Noticed a yak
  5514 | D:4      | Noticed a yak
  5514 | D:4      | Noticed a yak
  5514 | D:4      | Noticed a yak
  5514 | D:4      | Noticed a yak
  5545 | D:3      | Killed a yak
  5574 | D:3      | Killed a yak
  5574 | D:3      | Reached skill level 8 in Axes
  5574 | D:3      | Reached skill level 5 in Dodging
  5574 | D:3      | Reached XP level 8. HP: 58/71 MP: 7/7
  5654 | D:4      | Reached skill level 9 in Axes
  6003 | D:4      | Noticed Grinder
  6012 | D:4      | Killed Grinder
  6240 | D:5      | Entered Level 5 of the Dungeon
  6577 | D:5      | Reached XP level 9. HP: 72/79 MP: 8/8
  6880 | D:5      | Found a staircase to the Ecumenical Temple.
  7479 | D:6      | Found a sand-covered staircase.
  7487 | Ossuary  | Entered an ossuary
  8208 | D:7      | Reached skill level 10 in Axes
  8343 | D:7      | Found Jujont's Antique Armour Shoppe.
  8566 | D:7      | Noticed Menkaure
  8574 | D:7      | Killed Menkaure
  9387 | D:8      | Found a basalt altar of Yredelemnul.
  9957 | D:9      | Reached skill level 11 in Axes
 10075 | D:9      | Found Qystryuma's Armour Boutique.
 10084 | D:9      | Reached skill level 1 in Evocations
 10097 | D:9      | Reached XP level 10. HP: 85/90 MP: 9/9
 10113 | D:9      | Reached ***** piety under Trog
 10613 | D:9      | Noticed a brown ugly thing
 10625 | D:9      | Killed a brown ugly thing
 11400 | D:10     | Entered Level 10 of the Dungeon
 11443 | D:10     | Noticed Nergalle
 11478 | D:10     | Reached skill level 12 in Axes
 11481 | D:10     | Noticed a spectral orc warlord
 11493 | D:10     | Killed Nergalle
 11607 | D:10     | Found a staircase to the Lair.
 11640 | D:10     | Got a polished ring mail
 12088 | D:10     | Noticed a cyan very ugly thing
 12088 | D:10     | Noticed a red ugly thing
 12088 | D:10     | Noticed a white ugly thing
 12088 | D:10     | Noticed a cyan ugly thing
 12089 | D:10     | Found a runed gate.
 12089 | D:10     | Found a runed gate.
 12089 | D:10     | Found a runed gate.
 12089 | D:10     | Noticed a brown ugly thing
 12089 | D:10     | Noticed a white ugly thing
 12089 | D:10     | Noticed a glowing orange brain
 12091 | D:10     | Noticed a white ugly thing
 12344 | D:10     | Identified the +1 ring mail of Castoczu {Dex+2} (You found it on level 10 of the Dungeon)
 12386 | Lair:1   | Entered Level 1 of the Lair of Beasts
 12415 | D:10     | Reached XP level 11. HP: 98/99 MP: 12/12
 12822 | Lair:1   | Reached skill level 10 in Fighting
 12822 | Lair:1   | Reached skill level 13 in Axes
 12854 | Lair:1   | Received a gift from Trog
 14055 | Lair:2   | Found a staircase to the Swamp.
 14126 | Lair:2   | Reached skill level 10 in Armour
 14229 | Lair:2   | Found a runed gate.
 14234 | Lair:2   | Noticed Depyiwoq's ghost (journeyman TrEE)
 14235 | Lair:2   | Found a runed gate.
 14235 | Lair:2   | Found a runed gate.
 14255 | Lair:2   | Killed Depyiwoq's ghost
 14629 | Lair:2   | Noticed Sonja
 14880 | Lair:2   | Found a hole to the Spider Nest.
 14984 | Lair:2   | Reached skill level 14 in Axes
 14986 | Lair:2   | Reached skill level 5 in Evocations
 15521 | Lair:2   | Killed Sonja
 15521 | Lair:2   | Reached XP level 12. HP: 93/108 MP: 11/14
 16796 | Lair:4   | Noticed a six-headed hydra
 16804 | Lair:4   | Killed a six-headed hydra
 17147 | Lair:4   | Reached skill level 10 in Dodging
 17263 | Lair:4   | Noticed a seven-headed hydra
 17271 | Lair:4   | Killed a seven-headed hydra
 17553 | Lair:4   | Noticed an eight-headed hydra
 17564 | Lair:4   | Killed a six-headed hydra
 17609 | Lair:4   | Reached skill level 15 in Axes
 18592 | Lair:5   | Noticed a six-headed hydra
 18618 | Lair:5   | Killed a four-headed hydra
 19587 | Lair:5   | Reached XP level 13. HP: 117/117 MP: 16/16
 20195 | Lair:6   | Entered Level 6 of the Lair of Beasts
 20860 | Lair:6   | Noticed a dire elephant
 20872 | Lair:6   | Killed a dire elephant
 20872 | Lair:6   | Reached skill level 16 in Axes
 20887 | Lair:6   | Noticed a dire elephant
 20905 | Lair:6   | Killed a dire elephant
 21274 | Lair:6   | Noticed a dire elephant
 21274 | Lair:6   | Noticed a dire elephant
 21278 | Lair:6   | Killed a dire elephant
 21283 | Lair:6   | Killed a dire elephant
 21406 | Lair:6   | Noticed a dire elephant
 21432 | Lair:6   | Killed a dire elephant
 21620 | Lair:6   | Found a runed door.
 21621 | Lair:6   | Found a viscous altar of Jiyva.
 21622 | Lair:6   | Found a staircase to the Slime Pits.
 21688 | Lair:6   | Noticed a dire elephant
 21815 | Lair:6   | Killed a dire elephant
 22799 | D:11     | Found a staircase to the Orcish Mines.
 22979 | Orc:1    | Entered Level 1 of the Orcish Mines
 23190 | Orc:1    | Noticed Maurice
 23222 | Orc:1    | Killed Maurice
 23334 | Orc:1    | Received a gift from Trog
 23451 | Orc:1    | Noticed Snorg
 23463 | Orc:1    | Killed Snorg
 23701 | Orc:1    | Reached XP level 14. HP: 127/127 MP: 16/18
 24112 | Orc:2    | Entered Level 2 of the Orcish Mines
 24831 | Orc:2    | Found a staircase to the Elven Halls.
 24911 | Orc:1    | Reached skill level 17 in Axes
 25066 | Orc:2    | Paralysed by an orc sorcerer for 6 turns
 26467 | Orc:2    | Received a gift from Trog
 27236 | Orc:2    | Found Sento's Food Shop.
 27236 | Orc:2    | Found Qeoruipp's Assorted Antiques.
 27238 | Orc:2    | Found Fiutaegh's Armour Shop.
 27238 | Orc:2    | Found Rekempif's General Store.
 27252 | Orc:2    | Bought a scroll of identify for 50 gold pieces
 27256 | Orc:2    | Bought a scroll of brand weapon for 260 gold pieces
 27610 | Swamp:1  | Entered Level 1 of the Swamp
 27824 | Swamp:1  | Upgraded the game from 0.23-a0-29-g1be82e5 to 0.23-a0-32-g1388f29
 28490 | Swamp:1  | HP: 3/193 [eight-headed hydra (8)]
 28491 | Swamp:1  | HP: 1/193 [seven-headed hydra (2)]
 28491 | Swamp:1  | Slain by a seven-headed hydra

Vault maps used:
D:1:      minmay_arrival_five_plusses
D:2:      wad_river_or_something, uniq_natasha, uniq_sigmund
D:3:      kennysheep_slugbush, roderic_lattice_a, st_stairs_4,
          tgw_kikubaaqudgha, uniq_crazy_yiuf_cottage
D:4:      first_ration, portal_sewer_entry_e, uniq_grinder
D:5:      minmay_temple_entry_enclosed_plants
D:6:      chequers_ossuary_entry_cave
D:7:      serial_shops, nicolae_shop_stone, uniq_menkaure
D:8:      nicolae_overflow_crystal_walls
D:9:      serial_shops, nicolae_shop_behind_doors
D:10:     dpeg_oklobed_lair, ploomutoo_gammafunk_ghost_potion_laboratory,
          grunt_ogre_cave, grunt_ministairs_8, uniq_nergalle
D:11:     hiddenorc2_lemuel, basic_altar, bh_chokoban, st_stairs_10, uniq_erica
Lair:1:   beast_lair_carwin_3
Lair:2:   minmay_swamp_entry_reptiles, spider_nest_entry_a,
          ebering_ghost_rock_garden, uniq_sonja
Lair:3:   infiniplex_staircase_pool
Lair:4:   wad_woods_road_03
Lair:5:   beast_lair_carwin_10, serial_bayou_shore_b, grunt_megastairs_3
Lair:6:   due_jungle_book, slime_altar_2, grunt_megastairs_5
Swamp:1:  nicolae_swamp_dense_foliage
Orc:1:    uniq_maurice, uniq_snorg
Orc:2:    grunt_orc_tribal_feast
Sewer:    sewer_co_scattered_pipes
Ossuary:  ossuary_tomb_1

Skill      XL: |  1  2  3  4  5  6  7  8  9 10 11 12 13 14 |
---------------+-------------------------------------------+-----
Axes           | 4 5 6 8 9 11 12 14 15 16 17 | 17.7
Fighting       | 4 5 6 7 8 9 10 11 12 13 | 13.4
Armour         | 3 4 5 6 8 9 10 11 12 13 | 13.0
Dodging        | 3 4 5 6 7 8 9 10 11 12 | 12.1
Evocations     | 1 3 5 6 7 8 |  8.5

Action                   |  1- 3 |  4- 6 |  7- 9 | 10-12 | 13-15 || total
-------------------------+-------+-------+-------+-------+-------++-------
Melee: Hand axe          |    51 |   160 |   386 |       |       ||   597
       Headbutt          |     7 |    27 |   109 |   127 |   157 ||   427
       War axe           |       |       |    63 |   522 |   596 ||  1181
       Dire flail        |       |       |       |     9 |       ||     9
       Battleaxe         |       |       |       |       |    28 ||    28
 Fire: Shortbow          |       |       |    13 |       |       ||    13
Throw: Throwing net      |       |     1 |       |       |       ||     1
       Tomahawk          |       |       |    15 |    11 |     2 ||    28
       Javelin           |       |       |    20 |    46 |    12 ||    78
Invok: Berserk           |       |     1 |       |     6 |    11 ||    18
       Trog's Hand       |       |       |     4 |     7 |    13 ||    24
       Brothers in Arms  |       |       |       |       |     2 ||     2
  Use: Scroll            |       |       |    28 |    11 |     5 ||    44
       Potion            |       |       |       |     1 |     3 ||     4
 Stab: Sleeping          |       |     1 |       |       |       ||     1
       Distracted        |       |       |       |       |     1 ||     1
  Eat: Chunk             |       |    11 |    14 |    45 |    46 ||   116
       Ration            |       |       |     2 |     2 |       ||     4
Armor: Animal skin       |     6 |       |       |       |       ||     6
       Leather armour    |     4 |    50 |       |       |       ||    54
       Chain mail        |       |       |   183 |   113 |       ||   296
       Ring mail         |       |       |       |    68 |   111 ||   179
       Plate armour      |       |       |       |       |    61 ||    61
Dodge: Dodged            |    31 |   129 |   190 |   372 |   459 ||  1181

Table legend:
 A = Spawn XP
 B = Non-spawn XP
 C = Spawn XP percentage of total XP
 D = Spawn monster count
 E = Non-spawn monster count
 F = Spawn count percentage of total count
 G = Total turns spent on level
                    A         B        C        D         E        F      G
               +---------+---------+-------+---------+---------+-------+---------
         Total |       0 |   89508 |   0.0 |       0 |     624 |   0.0 | 28491
               +---------+---------+-------+---------+---------+-------+---------
           D:1 |       0 |      28 |   0.0 |       0 |      15 |   0.0 |   673
           D:2 |       0 |     392 |   0.0 |       0 |      24 |   0.0 |  1906
           D:3 |       0 |     859 |   0.0 |       0 |      49 |   0.0 |  1529
           D:4 |       0 |    1167 |   0.0 |       0 |      29 |   0.0 |  1442
           D:5 |       0 |     518 |   0.0 |       0 |      16 |   0.0 |   977
           D:6 |       0 |      86 |   0.0 |       0 |       4 |   0.0 |   547
           D:7 |       0 |     831 |   0.0 |       0 |      16 |   0.0 |   843
           D:8 |       0 |     678 |   0.0 |       0 |      15 |   0.0 |   965
           D:9 |       0 |    2727 |   0.0 |       0 |      25 |   0.0 |  1451
          D:10 |       0 |    3517 |   0.0 |       0 |      32 |   0.0 |  1052
          D:11 |       0 |    5647 |   0.0 |       0 |      66 |   0.0 |   809
        Lair:1 |       0 |    6278 |   0.0 |       0 |      33 |   0.0 |  1436
        Lair:2 |       0 |    6633 |   0.0 |       0 |      23 |   0.0 |  2290
        Lair:3 |       0 |    5082 |   0.0 |       0 |      24 |   0.0 |  1185
        Lair:4 |       0 |    6691 |   0.0 |       0 |      23 |   0.0 |  1778
        Lair:5 |       0 |    7724 |   0.0 |       0 |      23 |   0.0 |  1591
        Lair:6 |       0 |   14013 |   0.0 |       0 |      31 |   0.0 |  2072
       Swamp:1 |       0 |    9928 |   0.0 |       0 |      19 |   0.0 |   587
         Orc:1 |       0 |    6053 |   0.0 |       0 |      43 |   0.0 |  1790
         Orc:2 |       0 |   10426 |   0.0 |       0 |      55 |   0.0 |  2501
         Sewer |       0 |      66 |   0.0 |       0 |      21 |   0.0 |   690
       Ossuary |       0 |     164 |   0.0 |       0 |      38 |   0.0 |   377
               +---------+---------+-------+---------+---------+-------+---------
